[Event "Bijnor Open 2024"]
[Site "Bijnor"]
[Date "2024.03.17"]
[Round "1.1"]
[White "Kranti Kumar Gupta"]
[Black "Srihari L R"]
[Result "0-1"]
[ECO "B43"]
[WhiteElo "1488"]
[BlackElo "2490"]
[Annotator "TA"]
[PlyCount "112"]
[EventDate "2024.03.17"]
[EventCountry "IND"]
[SourceTitle "playchess.com"]
[Source "ChessBase"]
[SourceQuality "1"]
[TimeControl "5400+30"]

1. e4 c5 2. Nf3 e6 3. d4 cxd4 4. Nxd4 a6 5. Nc3 Qc7 6. Qg4 Nf6 7. Qg3 Qxg3 8. hxg3 {[%emt 0:00:03] Weiß steht etwas besser.} d6 9. f3 Be7 10. g4 Nc6 11. Be3 Nxd4 12. Bxd4 e5 13. Bb6 (13. Be3 $16) 13... Be6 $14 14. O-O-O Rc8 15. a4 Rc6 (15... h5 $11) 16. a5 (16. Be3 $16) 16... Nd7 $11 17. Be3 {[%emt 0:02:10] Lässt Bg5 nicht zu} Bd8 18. Nd5 Bxa5 19. c4 (19. b4 $11 Bd8 20. b5 axb5 21. Bxb5) 19... Bxd5 $15 20. exd5 Rc8 21. Kb1 Bb6 22. Bxb6 {[%emt 0:00:37] Die Straße ins Nirgendwo für Weiß.} (22. Bd2 $15) 22... Nxb6 $17 23. b3 Ke7 24. g3 h6 25. f4 Nd7 26. Bd3 g6 27. Rd2 Kf6 28. Rdh2 {[%emt 0:00:04] [#]} Kg7 $1 29. f5 (29. Kc2 $17) 29... Nf6 30. Be2 Ne4 (30... g5 $19 {[%cal Ob7b5] ...b5! ist eine echte Drohung.} 31. Kb2 b5) 31. Rg2 {[%emt 0:00:32] [#]} (31. Bd3 $17 gxf5 (31... Nxg3 $2 {ist das falsche Schlagen.} 32. Rg1 $16) 32. gxf5) 31... b5 $1 $19 32. Kb2 (32. Kc2 bxc4) 32... b4 33. Ra1 Ra8 34. Ra5 Kf6 35. Bd3 Nc5 ({Weniger gut wäre} 35... gxf5 36. Bxe4 fxe4 37. Re2 $17) 36. Bc2 Kg5 37. Rf2 e4 38. fxg6 $2 (38. Ra1) 38... fxg6 ({Nicht} 38... Kxg4 39. gxf7 Rhf8 40. Rf6 $14) 39. Rxc5 dxc5 40. Bxe4 Kxg4 41. Bxg6 Kxg3 {[%emt 0:00:04][%mdl 4096] Endspiel. KRR-KRB} 42. Rf6 h5 {[%emt 0:00:05] Und jetzt ...h4 wäre schön.} 43. d6 h4 44. Be4 Rad8 {[%emt 0:00:27] Droht ...h3 und aus.} 45. Bc6 h3 46. d7 h2 47. Rg6+ Kf4 {[%emt 0:00:19] Schwarz setzt Matt.} 48. Rf6+ Ke5 49. Rf1 {[%emt 0:00:00] [#]} Rxd7 $3 50. Re1+ Kd6 51. Bh1 Rg7 52. Rd1+ Kc7 53. Rd5 Rg1 54. Rxc5+ Kb8 55. Bd5 h1=Q 56. Bxh1 Rh2+ {[%emt 1:05:23] Gewichteter Fehlerwert: Weiß=0.72/Schwarz=0.19 (sehr präzise) .  Fehler:       	Weiß=7     	Schwarz=2     Ungenau:       	Weiß=5     	Schwarz=3     OK:         	Weiß=7     	Schwarz=17    Bester:       	---       	Schwarz=3} 0-1

[Event "Bijnor Open 2024"]
[Site "Bijnor"]
[Date "2024.03.17"]
[Round "1.2"]
[White "Neelash Saha"]
[Black "Shreyansh Alsisaria"]
[Result "1-0"]
[ECO "A11"]
[WhiteElo "2463"]
[BlackElo "1486"]
[Annotator "TA"]
[PlyCount "71"]
[EventDate "2024.03.17"]
[EventCountry "IND"]
[SourceTitle "playchess.com"]
[Source "ChessBase"]
[SourceQuality "1"]
[TimeControl "5400+30"]

1. Nf3 d5 2. e3 e6 3. c4 c6 4. b3 f5 5. Bb2 Nf6 6. h3 Be7 7. d3 Nbd7 8. Nbd2 {[%emt 0:00:35][%cal Og2g4] The position is equal.} c5 {[%emt 0:03:27] [#]} 9. g4 $1 O-O 10. Rg1 fxg4 (10... Ne8 $14) 11. hxg4 $16 Ne8 12. g5 Nd6 13. Bh3 Nb6 (13... Nb8 $16) 14. Qc2 Nf5 15. Qc3 (15. O-O-O $18) 15... d4 16. exd4 cxd4 17. Qa5 $36 {[%emt 0:06:49][%mdl 2048] White is in control.} (17. Nxd4 {keeps more tension.} Bb4 18. Qxb4 Nxd4 19. Qc5) 17... Qd6 18. Ne4 Qf4 19. Bg4 {[%emt 0:00:20] White is more active.} Rd8 ({Of course not} 19... Ne3 20. Bc1 $16) ({Better is} 19... Nd7 $1 $14) 20. Qe5 $2 (20. Nf6+ $18 Bxf6 21. gxf6) 20... Qxe5 21. Nxe5 Bd6 $2 (21... Nd7 $16 22. Nf3 Nf8) 22. Nxd6 $18 Rxd6 23. Kd2 Nd7 24. Nf3 Nc5 25. Rge1 {[%emt 0:00:21] Strongly threatening Bxf5.} Kf8 (25... b6 {was worth a try.} 26. Ba3 Bb7) 26. Ba3 b6 27. Re5 Bb7 28. Rxc5 bxc5 29. Bxc5 {[%emt 0:00:04] [#] Black must now prevent Bxf5.} Ke8 $2 (29... Bxf3 {was necessary.} 30. Bxf3 Rad8) 30. Bxd6 {[%emt 0:00:13] White is clearly winning.} Nxd6 31. Nxd4 e5 32. Re1 Nf7 33. Ne6 Kd7 (33... Bc8 $142 34. Nxg7+ Kf8 35. Bxc8 Rxc8) 34. Nc5+ Kc7 35. Nxb7 Kxb7 36. Bf3+ {[%emt 0:00:02] Weighted Error Value: White=0.23 (precise) /Black=0.49.  Loses game:     	---       	Black=2      Mistake:       	White=2     	Black=6      Inaccurate:     	White=1     	Black=2      OK:         	White=10    	Black=9      Best:        	White=3     	Black=1} 1-0

[Event "Bijnor Open 2024"]
[Site "Bijnor"]
[Date "2024.03.17"]
[Round "1.3"]
[White "Arun, Saxena"]
[Black "Laxman, R.R."]
[Result "0-1"]
[ECO "A47"]
[WhiteElo "1971"]
[BlackElo "2331"]
[Annotator "TA"]
[PlyCount "58"]
[EventDate "2024.03.17"]
[EventCountry "IND"]
[SourceTitle "playchess.com"]
[Source "ChessBase"]
[SourceQuality "1"]
[TimeControl "5400+30"]

1. d4 Nf6 2. Nf3 e6 3. Bf4 b6 4. e3 Bb7 5. Be2 g6 6. Nbd2 Bg7 7. Bg5 d6 8. c4 {[%emt 0:01:13] The position is equal.} Nbd7 9. e4 h6 $1 $17 10. Bxf6 Qxf6 11. Qc2 c5 {[%emt 0:02:32] Black is more active.} 12. Nb3 O-O 13. O-O-O $2 {[%emt 0:03:51] [#]} (13. Rd1 $17) 13... Qf4+ 14. Rd2 Bxe4 {[%emt 0:00:18] This pair of bishops is nice.} ({Much less strong is} 14... Qxe4 15. Qxe4 Bxe4 16. dxc5 $19) 15. Qd1 (15. g3 {only move.} Bxc2 16. gxf4 Bxb3 17. axb3) 15... cxd4 16. g3 Qf6 17. Nbxd4 (17. Nfxd4 $142 Bxh1 (17... Qxf2 18. Bf3 $16) 18. Qxh1) 17... Rac8 $19 18. Nb5 Bxf3 19. Bxf3 Rxc4+ 20. Nc3 Rfc8 21. Be2 Rxc3+ 22. bxc3 {[%emt 0:00:20] White is weak on the dark squares} Qxc3+ 23. Rc2 Qb2+ 24. Kd2 Qb4+ 25. Ke3 Rc3+ 26. Rxc3 Qxc3+ ({But not} 26... Bxc3 27. Kf3 $19) 27. Qd3 $2 {[%emt 0:00:42] [#]} (27. Bd3 $19) 27... Bd4+ {[%emt 0:00:18] Black mates.} 28. Kf4 g5+ 29. Kg4 Ne5+ {[%emt 0:00:03] White did not feel at home in the position after the opening.   Weighted Error Value: White=0.88/Black=0.63.  Mistake:       	White=5     	---        Inaccurate:     	White=1     	---        OK:         	White=3     	Black=4      Best:        	White=2     	Black=1      Strong:       	---       	Black=1} 0-1

[Event "Bijnor Open 2024"]
[Site "Bijnor"]
[Date "2024.03.17"]
[Round "1.4"]
[White "Vrashank Chouhan"]
[Black "Tapadiya Earth"]
[Result "*"]
[ECO "D10"]
[WhiteElo "2330"]
[BlackElo "1477"]
[Annotator "TA"]
[PlyCount "41"]
[EventDate "2024.03.17"]
[EventCountry "IND"]
[SourceTitle "playchess.com"]
[Source "ChessBase"]
[SourceQuality "1"]
[TimeControl "5400+30"]

1. d4 Nf6 2. Bf4 d5 3. e3 Bf5 4. c4 c6 5. Nc3 e6 6. Qb3 Qb6 7. c5 Qxb3 8. axb3 {[%emt 0:00:02] White is slightly better.} Nbd7 9. b4 {[%emt 0:01:12] White is more active.} Be7 10. h3 O-O 11. b5 (11. g4 $14 Bg6 12. f3) 11... Ne4 ({Black should try} 11... e5 $1 $11 12. dxe5 Ne4) 12. Nxe4 Bxe4 13. bxc6 (13. b4 $14) 13... bxc6 $11 {[%emt 0:00:11][%cal Oe6e5] aiming for ...e5!} 14. b4 {[%emt 0:00:19] [#]} (14. Bc7 $11 {keeps the balance.}) 14... f6 (14... e5 $1 $17 15. f3 exf4 16. fxe4 dxe4 (16... fxe3 17. exd5 cxd5 18. Bb5 $16) 17. exf4 Rfb8) 15. b5 e5 16. Bg3 exd4 (16... Rfc8 $11) 17. exd4 $16 Nxc5 18. dxc5 Bxc5 (18... cxb5 $16 19. f3 (19. Bxb5 Bxc5 20. f3 Bc2 $18) 19... Bc2) 19. f3 Bg6 20. bxc6 Rfe8+ 21. Kd1 {[%emt 0:00:32] Weighted Error Value: White=0.29 (precise) /Black=0.50.  Mistake:       	White=3     	Black=4      Inaccurate:     	---       	Black=1      OK:         	White=4     	Black=3      Best:        	White=1     	---} *

[Event "Bijnor Open 2024"]
[Site "Bijnor"]
[Date "2024.03.17"]
[Round "1.5"]
[White "Viyom Bansal"]
[Black "Sai Agni Jeevitesh, J."]
[Result "0-1"]
[ECO "E20"]
[WhiteElo "1474"]
[BlackElo "2285"]
[Annotator "RC"]
[PlyCount "162"]
[EventDate "2024.03.17"]
[EventCountry "IND"]
[SourceTitle "playchess.com"]
[Source "ChessBase"]
[SourceQuality "1"]
[TimeControl "5400+30"]

1. d4 Nf6 2. c4 e6 3. Nc3 Bb4 4. Bd2 b6 5. a3 Bxc3 6. Bxc3 Bb7 7. f3 Nh5 8. Nh3 f5 9. e3 O-O 10. d5 Qe7 11. Qd2 exd5 12. cxd5 Re8 13. d6 cxd6 14. Bc4+ Kh8 15. O-O-O Nc6 16. f4 Na5 17. Ba2 Nf6 18. Ng5 d5 19. Rde1 Rac8 20. Kb1 Ne4 21. Nxe4 Qxe4+ 22. Ka1 Nc4 23. Bxc4 Qxc4 24. Rc1 Qe4 25. Rhe1 Rc6 26. g3 Ba6 27. Qd4 Qxd4 28. Bxd4 Kg8 29. Rc3 Ree6 30. Rd1 Kf7 31. Kb1 Be2 32. Rd2 Bf3 33. Rf2 Rxc3 34. bxc3 Be4+ 35. Kb2 h5 36. a4 h4 37. Rf1 h3 38. Rf2 Bg2 39. Ka3 Rg6 40. Rb2 Rc6 41. Rb4 Kg6 42. Rb2 Kh6 43. Rf2 Rg6 44. Rd2 Kh5 45. Rb2 Kg4 46. Rf2 Kh5 47. Rb2 Rg4 48. Rd2 g6 49. Bf6 Rxg3 50. hxg3 h2 51. Rd1 h1=Q 52. Rxh1+ Bxh1 53. Kb4 Be4 54. c4 dxc4 55. Kxc4 Kg4 56. a5 bxa5 57. Kb5 Kxg3 58. Kxa5 Bd3 59. Bd4 a6 60. Kb6 Kf3 61. Kc5 a5 62. Kd6 Bb5 63. Ke5 a4 64. Kf6 a3 65. Kxg6 Ke4 66. Kf6 a2 67. Ba1 Bd3 68. Bd4 Kd5 69. Ba1 Be4 70. Ke7 Kc4 71. Kxd7 Kb3 72. Kd6 Kc2 73. Kc5 Kb1 74. Bh8 a1=Q 75. Bxa1 Kxa1 76. Kb4 Kb2 77. Kc4 Kc2 78. Kd4 Kd2 79. Kc4 Kxe3 80. Kc3 Kxf4 81. Kd2 Ke5 0-1

[Event "Bijnor Open 2024"]
[Site "Bijnor"]
[Date "2024.03.17"]
[Round "1.6"]
[White "Vignesh B"]
[Black "Ishika Banga"]
[Result "1-0"]
[ECO "C11"]
[WhiteElo "2209"]
[BlackElo "1470"]
[Annotator "RC"]
[PlyCount "57"]
[EventDate "2024.03.17"]
[EventCountry "IND"]
[SourceTitle "playchess.com"]
[Source "ChessBase"]
[SourceQuality "1"]
[TimeControl "5400+30"]

1. e4 c5 2. f4 e6 3. Nf3 Nf6 4. Nc3 d5 5. e5 Nfd7 6. d4 cxd4 7. Nxd4 a6 8. Be3 Bb4 9. Bd3 Nc6 10. a3 Bc5 11. Be2 Nxd4 12. Bxd4 Bxd4 13. Qxd4 Qb6 14. O-O-O Qxd4 15. Rxd4 b5 16. a4 bxa4 17. Nxa4 O-O 18. Kd2 Bb7 19. Ra1 Rfc8 20. Rb4 Bc6 21. Nb6 Nxb6 22. Rxb6 a5 23. Ba6 Rc7 24. Rxa5 Bd7 25. b4 Bc8 26. Bd3 Rxa5 27. bxa5 g6 28. Rb8 Kg7 29. a6 1-0

[Event "Bijnor Open 2024"]
[Site "Bijnor"]
[Date "2024.03.17"]
[Round "1.7"]
[White "Abhineet Sinha"]
[Black "Mahindrakar Indrajeet"]
[Result "*"]
[ECO "B02"]
[WhiteElo "1467"]
[BlackElo "2136"]
[Annotator "NA COMBH RC"]
[PlyCount "66"]
[EventDate "2024.03.17"]
[EventCountry "IND"]
[SourceTitle "playchess.com"]
[Source "ChessBase"]
[SourceQuality "1"]
[TimeControl "5400+30"]

1. e4 Nf6 2. Nc3 d5 3. e5 Ne4 4. Nxe4 dxe4 5. d4 exd3 6. Bxd3 Nc6 7. Bf4 Qd4 {[%emt 0:01:31] B02: Alekhine's Defence: Chase Variation and lines with early Nc3.} 8. Ne2 Qc5 9. e6 Bxe6 10. Bxc7 g6 11. c3 Bg7 12. Qc2 O-O 13. O-O Rac8 14. Bg3 Nb4 15. Qd2 Nxd3 16. Qxd3 Rfd8 17. Qc2 b5 18. a3 Bf5 19. Qb3 Rd2 20. Rfe1 a5 21. a4 Bd3 22. Nf4 Bc4 23. Qa3 b4 24. cxb4 axb4 25. Qe3 Qxe3 26. Rxe3 e5 27. Nh3 Rxb2 28. Bxe5 Bxe5 29. Rxe5 Ra2 30. Rae1 b3 31. Re8+ Rxe8 32. Rxe8+ Kg7 33. f3 {[%emt 0:04:36] Check Result:-7.95} b2 $19 *

[Event "Bijnor Open 2024"]
[Site "Bijnor"]
[Date "2024.03.17"]
[Round "1.8"]
[White "Balkishan, A.."]
[Black "Darshan Jaiswal"]
[Result "1-0"]
[ECO "A23"]
[WhiteElo "2108"]
[BlackElo "1464"]
[Annotator "NA RC"]
[PlyCount "95"]
[EventDate "2024.03.17"]
[EventCountry "IND"]
[SourceTitle "playchess.com"]
[Source "ChessBase"]
[SourceQuality "1"]
[TimeControl "5400+30"]

1. c4 e5 2. Nc3 Nf6 3. g3 c6 4. d4 exd4 5. Qxd4 d5 6. Bg2 Bb4 {[%emt 0:00:26] A23: English Opening: 1...e5 2 Nc3 Nf6 3 g3 c6.} 7. cxd5 Bxc3+ 8. Qxc3 cxd5 9. Bg5 Be6 10. Bxf6 Qxf6 11. Qxf6 gxf6 12. Rd1 Ke7 13. Bxd5 Bxd5 14. Rxd5 Nc6 15. Nf3 Rad8 16. Rxd8 Rxd8 17. e3 Ke6 18. Ke2 Kf5 19. Rc1 Rd5 20. Rc4 Rb5 21. b3 Kg6 22. Nd4 Nxd4+ 23. exd4 Ra5 24. a4 Ra6 25. Kd3 f5 26. Rb4 Rd6 27. Rxb7 a6 28. a5 f6 29. b4 h6 30. Rb6 Rd8 31. Rxa6 f4 32. gxf4 Kf5 33. b5 Rb8 34. Rb6 Ra8 35. a6 Kxf4 36. Rxf6+ Kg5 37. Rf7 h5 38. a7 Kg4 39. b6 h4 40. Rb7 Kh3 41. Rb8 Rxb8 42. axb8=Q Kg2 43. Qg8+ Kxh2 44. b7 Kh3 45. Ke3 Kh2 46. Kf3 h3 47. b8=Q+ Kh1 48. Qb1+ 1-0

[Event "Bijnor Open 2024"]
[Site "Bijnor"]
[Date "2024.03.17"]
[Round "1.9"]
[White "Viaan Jai Singh"]
[Black "Dutta, Joydeep"]
[Result "0-1"]
[ECO "B01"]
[WhiteElo "1464"]
[BlackElo "2041"]
[Annotator "NA RC"]
[PlyCount "88"]
[EventDate "2024.03.17"]
[EventCountry "IND"]
[SourceTitle "playchess.com"]
[Source "ChessBase"]
[SourceQuality "1"]
[TimeControl "5400+30"]

1. e4 d5 2. exd5 Qd7 3. d6 Qxd6 4. Nf3 Qd5 5. d4 Nf6 6. c3 c6 7. c4 Qd8 8. Nc3 {[%emt 0:00:00] B01: Skandinavische Verteidigung.} Bg4 9. Be2 e6 10. Bf4 Nbd7 11. O-O Be7 12. Qb3 Qb6 13. c5 Qxb3 14. axb3 O-O 15. b4 a6 16. h3 Bh5 17. g4 Bg6 18. Nd2 Nd5 19. Nxd5 exd5 20. Rfe1 Rfe8 21. Bf1 Nf8 22. Nf3 Ne6 23. Be3 Be4 24. Bg2 Bf6 (24... f5 $17 25. gxf5 Bxf5) 25. Rad1 Bxf3 26. Bxf3 Nxd4 27. Bxd4 Rxe1+ 28. Rxe1 Bxd4 29. Re7 Rb8 30. Re2 Kf8 31. Kf1 b6 32. Rd2 bxc5 33. bxc5 Bxb2 34. Bd1 Bc3 35. Ra2 a5 36. Ba4 Rc8 37. Rc2 Bb4 38. Ke2 Ke7 39. Kd3 Kd7 40. Kd4 Re8 41. f3 Re1 42. Rf2 Ra1 43. Bb3 Ra3 44. Rb2 a4 $19 0-1

[Event "Bijnor Open 2024"]
[Site "Bijnor"]
[Date "2024.03.17"]
[Round "1.10"]
[White "Singh, Arvinder Preet"]
[Black "Santosh Ram Narayanan"]
[Result "1-0"]
[ECO "C60"]
[WhiteElo "2030"]
[BlackElo "1498"]
[Annotator "NA RC"]
[PlyCount "55"]
[EventDate "2024.03.17"]
[EventCountry "IND"]
[SourceTitle "playchess.com"]
[Source "ChessBase"]
[SourceQuality "1"]
[TimeControl "5400+30"]

1. e4 e5 2. Nf3 Nc6 3. Bb5 Nge7 4. O-O d6 5. c3 Bd7 6. d4 a6 7. Bc4 b5 8. Bb3 Na5 9. dxe5 Nxb3 10. axb3 dxe5 11. Nxe5 Ng6 12. Qd5 Nxe5 13. Qxe5+ Be6 14. Rxa6 Rb8 15. Bf4 Be7 16. Qxg7 Rf8 17. Nd2 Kd7 18. Qd4+ Kc8 19. Qa7 Rb7 20. Qe3 Rg8 21. Ra8+ Rb8 22. Rxb8+ Kxb8 23. Ra1 Bd6 24. Qa7+ Kc8 25. Bxd6 cxd6 26. Ra6 Qg5 27. Qa8+ Kd7 28. Ra7# 1-0

[Event "Bijnor Open 2024"]
[Site "Bijnor"]
[Date "2024.03.17"]
[Round "2.1"]
[White "Srihari L R"]
[Black "Ahaan Alsisaria"]
[Result "1-0"]
[ECO "A85"]
[WhiteElo "2490"]
[BlackElo "1615"]
[Annotator "TA"]
[PlyCount "73"]
[EventDate "2024.03.17"]
[EventCountry "IND"]
[SourceTitle "playchess.com"]
[Source "ChessBase"]
[SourceQuality "1"]
[TimeControl "5400+30"]

1. Nf3 d5 2. c4 e6 3. e3 c6 4. Nc3 f5 5. b3 Nf6 6. Bb2 Bd6 7. d4 O-O 8. Bd3 Ne4 9. O-O Nd7 10. Ne2 Rf6 11. Ne5 Rh6 12. g3 {[%emt 0:09:57] White has an edge.} Qe8 13. h4 Be7 14. Kg2 Nxe5 15. dxe5 Rg6 (15... dxc4 $11 {keeps the balance.} 16. bxc4 b6) 16. Nf4 Rh6 17. Rh1 b6 18. Rc1 Bb7 (18... Nc5 $14) 19. cxd5 $16 cxd5 20. Bxe4 $1 fxe4 (20... dxe4 $16 21. Rc7 Bc8) 21. Rc7 $18 Bc6 {[%emt 0:01:00] [#]} (21... Bd8 $142) 22. Qg4 $1 Bd7 23. Nxd5 Bd8 (23... exd5 24. Rxd7 (24. Qxd7 Qxd7 25. Rxd7 Re6 $18) 24... Qf7) 24. Nf6+ Bxf6 25. exf6 Rg6 {[%emt 0:00:13] Black is weak on the dark squares} 26. Qd1 Rd8 27. fxg7 e5 28. Qd5+ (28. Rxa7 Bg4 (28... Bh3+ 29. Kxh3 Rxd1 30. Rxd1 $18) 29. Qe1 Qe6 $11 (29... Rxg7 $2 30. Rxg7+ Kxg7 31. Rg1 $18) (29... Rd1 30. Qxd1 Bf3+ 31. Kh2 $18)) 28... Be6 29. Qxe5 {[%emt 0:00:58][%cal Oh4h5] Hoping for h5!} Rd5 30. Qc3 (30. Qxe4 Bh3+ 31. Kxh3 Qxe4 32. Rc8+ Kf7 $17) 30... Qd8 {[%emt 0:00:32][%cal Og6g3] [#]} 31. Qb4 $2 Rd2 $2 (31... Rxg3+ $11 {and Black has nothing to worry.} 32. Kxg3 (32. fxg3 Rd2+ 33. Kg1 Rd1+ 34. Kf2 Rd2+ 35. Kg1 Rd1+ 36. Kf2 Rd2+ 37. Kg1 $11) 32... Rg5+ 33. hxg5 Qxg5+ 34. Kh2 Qh5+ 35. Kg1 Qd1+ 36. Qe1 (36. Kh2 Qh5+ 37. Kg1 Qd1+ 38. Kh2 Qh5+ $11) 36... Qxe1+ 37. Kg2 Qe2) 32. Bd4 $2 (32. Rxa7 Rxb2 $11) (32. Be5 $18) 32... Bg4 $2 {[%emt 0:04:00][%mdl 8192] This move loses the game for Black.} (32... Rxg3+ $16 33. Kxg3 Qxc7+ 34. Kg2 Rxf2+ 35. Kxf2 Qc2+ 36. Kf1 Qd1+ 37. Qe1 Qf3+ 38. Qf2 (38. Kg1 Qg4+ 39. Kf1 Qf3+ 40. Qf2 Qxh1+ 41. Ke2 Bg4+ 42. Kd2 Qf3 $18) 38... Qxh1+ 39. Ke2 Bg4+ 40. Kd2 Qd1+ 41. Kc3 Qc1+ 42. Qc2 Qxc2+ 43. Kxc2 b5) 33. Rhc1 {[%emt 0:03:59] White is clearly winning.} (33. Rxa7 Bf3+ 34. Kf1 Rd1+) 33... Rd3 34. Qc4+ Be6 {[%emt 0:00:05] [#]} 35. Rc8 $1 Qxc8 (35... Rxd4 36. Qxd4) 36. Qxc8+ Bxc8 37. Rxc8+ {[%emt 0:00:09] Weighted Error Value: White=0.73/Black=0.63.  Loses game:     	---       	Black=2      Missed win:     	White=2     	---        Mistake:       	---       	Black=5      Inaccurate:     	---       	Black=2      OK:         	White=5     	Black=5      Best:        	White=4     	Black=1      Strong:       	White=2     	---} 1-0

[Event "Bijnor Open 2024"]
[Site "Bijnor"]
[Date "2024.03.17"]
[Round "2.2"]
[White "Hriday Garg"]
[Black "Neelash Saha"]
[Result "0-1"]
[ECO "C18"]
[WhiteElo "1614"]
[BlackElo "2463"]
[Annotator "TA"]
[PlyCount "100"]
[EventDate "2024.03.17"]
[EventCountry "IND"]
[SourceTitle "playchess.com"]
[Source "ChessBase"]
[SourceQuality "1"]
[TimeControl "5400+30"]

1. e4 e6 2. d4 d5 3. Nc3 Bb4 4. e5 c5 5. a3 Bxc3+ 6. bxc3 Qa5 7. Qd3 (7. Bd2 $11) 7... cxd4 $15 8. Qb5+ Qxb5 $1 9. Bxb5+ {[%emt 0:00:22] Black is slightly better.} Bd7 10. Bxd7+ Nxd7 11. cxd4 Rc8 12. Kd1 Nb6 13. Ne2 Ne7 14. Be3 Kd7 15. Nf4 Rc4 16. Kd2 Rhc8 17. Rhc1 Ra4 18. Rcb1 Rc7 {[%emt 0:01:02] Black is more active.} (18... Nc4+ {is interesting.} 19. Kd3 b6 20. Bc1 Nc6) 19. Rb3 Nc6 20. c3 (20. Kd3 $142) 20... Na5 $36 {[%emt 0:00:07][%mdl 2048] Black has strong initiative.} 21. Kc2 (21. Rbb1 $17) 21... Nxb3 $19 22. Kxb3 Ra5 23. a4 $2 (23. Nd3) 23... Rc4 24. Nd3 Rcxa4 25. Nc5+ {[%emt 0:00:24] [#]} (25. Rxa4 $142 Nxa4 26. Kb4) 25... Rxc5 $1 26. Rxa4 {[%emt 0:00:08] [#]} Rxc3+ $3 27. Kxc3 Nxa4+ {[%emt 0:00:02][%mdl 4096] Endgame. KB-KN} 28. Kb3 Nb6 29. Bd2 Nc4 30. Bb4 a5 31. Bf8 g6 32. h4 b5 33. Bh6 Kc6 34. g4 b4 {[%emt 0:00:12] White must now prevent ...Kb5.} 35. Ka4 Nb6+ 36. Kb3 Kb5 {[%emt 0:00:03] ...a4+ would now be deadly.} 37. f4 a4+ 38. Kc2 Kc4 {[%emt 0:00:02][%cal Oa4a3] ( -> ...a3!)} 39. Bf8 a3 {[%emt 0:00:06] Black mates.} 40. h5 gxh5 41. gxh5 Na4 42. Kb1 Kb3 43. Ka1 Nb2 44. h6 Nc4 45. Bd6 Ne3 46. Kb1 a2+ 47. Kc1 a1=Q+ 48. Kd2 Nc2 49. f5 Qe1+ 50. Kd3 Qe3# {[%emt 0:00:03] Weighted Error Value: White=0.76/Black=0.11 (very precise) .  Mistake:       	White=4     	---        Inaccurate:     	White=2     	---        OK:         	White=4     	Black=7      Best:        	---       	Black=2      Strong:       	---       	Black=1      Brilliant:      	---       	Black=1} 0-1

[Event "Bijnor Open 2024"]
[Site "Bijnor"]
[Date "2024.03.17"]
[Round "2.3"]
[White "Laxman, R.R."]
[Black "Kapil Kumar, Khare"]
[Result "1-0"]
[ECO "A52"]
[WhiteElo "2331"]
[BlackElo "1597"]
[Annotator "TA"]
[PlyCount "94"]
[EventDate "2024.03.17"]
[EventCountry "IND"]
[SourceTitle "playchess.com"]
[Source "ChessBase"]
[SourceQuality "1"]
[TimeControl "5400+30"]

1. d4 Nf6 2. c4 e5 3. dxe5 Ng4 4. Nf3 Bc5 5. e3 Qe7 (5... Nc6 $14) 6. Nc3 $16 {[%emt 0:00:20] [#] Strongly threatening Nd5.} Nxe5 7. Nd5 Nxf3+ 8. Qxf3 {[%emt 0:00:09] White is clearly better.} Bb4+ (8... Qd6 $16 {was called for.}) 9. Kd1 Qd6 10. a3 Ba5 11. b4 c6 12. bxa5 {[%emt 0:02:03] [#] aiming for Qf4.} cxd5 13. Qxd5 Qf6 14. Qd4 $36 {[%emt 0:00:54][%mdl 2048] White has strong initiative. White is more active.} Nc6 15. Qxf6 gxf6 16. Bb2 Ke7 17. Bc3 Rg8 18. g3 d6 19. Bg2 Be6 20. a6 Kd7 (20... Rac8 $142) 21. axb7 $18 Rab8 22. Rb1 Bxc4 23. Bxf6 {[%emt 0:00:22] This pair of bishops is nice.} d5 24. Bh3+ Kc7 25. Bc8 Ba6 26. Kd2 Bxb7 {[%emt 0:01:58] Black is weak on the dark squares} 27. Bf5 h6 28. Rhc1 Kd6 {[%emt 0:01:07] Dodges Be5+} 29. f4 Ba6 30. e4 {[%emt 0:01:32] Black must now prevent e5+.} Rxb1 31. e5+ Kc7 32. Bxb1 Bc4 33. Bd3 Na5 34. Ke3 Kc6 35. Be7 Rb8 36. Bb4 Nb3 37. Rc2 Kb5 38. Bd6 Rc8 39. f5 Rc6 (39... Bxd3 {was worth a try.} 40. Rxc8 Bxf5) 40. Bxc4+ Rxc4 $2 (40... dxc4 41. g4 a5) 41. Rxc4 dxc4 {[%emt 0:00:00][%mdl 4096] Endgame. KB-KN} 42. e6 fxe6 43. f6 {[%emt 0:06:00] White threatens f7 and mate.} c3 44. Kd3 c2 45. Kxc2 Nd4+ 46. Kd3 Kc6 47. f7 Kd5 {[%emt 0:02:30] Weighted Error Value: White=0.08 (flawless) /Black=0.41.  Mistake:       	---       	Black=4      Inaccurate:     	White=1     	Black=1      OK:         	White=21    	Black=13     Best:        	White=1     	Black=4} 1-0

[Event "Bijnor Open 2024"]
[Site "Bijnor"]
[Date "2024.03.17"]
[Round "2.4"]
[White "Bhavya Arora"]
[Black "Vrashank Chouhan"]
[Result "0-1"]
[ECO "D02"]
[WhiteElo "1593"]
[BlackElo "2330"]
[Annotator "RC"]
[PlyCount "90"]
[EventDate "2024.03.17"]
[EventCountry "IND"]
[SourceTitle "playchess.com"]
[Source "ChessBase"]
[SourceQuality "1"]
[TimeControl "5400+30"]

1. d4 d5 2. Bf4 Nf6 3. e3 c5 4. c3 Nc6 5. Nd2 e6 6. Ngf3 cxd4 7. exd4 Nh5 8. Be3 Bd6 9. Ne5 Nf6 10. f4 Qb6 11. Qc2 Nxe5 12. fxe5 Bxe5 13. Nf3 Bd6 14. Qd2 Ne4 15. Qc1 Bd7 16. a4 Qb3 17. a5 Bb5 18. Nd2 Nxd2 19. Qxd2 Bxf1 20. Rxf1 O-O 21. Rf3 Rac8 22. Rh3 f5 23. Kf1 Rc4 24. Kg1 Ra4 25. Rc1 Ra2 26. Rb1 Ba3 27. Qe2 Rxb2 28. Rxb2 Qxb2 29. Bd2 Rf6 30. Re3 Kf7 31. Qh5+ Rg6 32. Qe2 Qb1+ 33. Be1 Bc1 34. Rd3 Rg4 35. Qf1 Qc2 36. Rf3 Kg8 37. h3 Re4 38. Rf2 Be3 39. Qb5 Bxf2+ 40. Bxf2 h6 41. Qxb7 Re2 42. Qb8+ Kh7 43. Qg3 Qd1+ 44. Kh2 Qf1 45. Be3 Qe1 0-1